 Dungeon Crawl Stone Soup version 0.31.0-11-ge490571c62 (webtiles) character file.

Game seed: 3939581049507643764

1476769 TobyConnect the Slayer (level 26, 204/215 (216) HPs)
             Began as a Human Delver on Jan 28, 2024.
             Was an Initiate of Gozag.
             Escaped with the Orb
             ... and 3 runes on Jan 29, 2024!
             The game lasted 02:41:37 (85255 turns).

TobyConnect the Slayer (Human Delver)              Turns: 85255, Time: 02:41:38

HP:   204/215 (216) AC: 41    Str: 23    XL:     26   Next: 51%
MP:   23/23         EV: 19    Int: 18    God:    Gozag
Gold: 1121          SH: 23    Dex: 13    Spells: 25/25 levels left

rFire   + + .        M - +18 lance "Wyrmbane" {slay drac, rPois rF+ rC+ AC+3}
rCold   + + .        V - +5 Storm Queen's Shield {shock, Fly rElec}
rNeg    + + .        F - +5 plate armour of the Tuna {rC++}
rPois   +            (helmet restricted)
rElec   +            H - +4 cloak "Tuitarar" {Rampage}
rCorr   .            U - +3 pair of gauntlets of War {Slay+5}
SInv    +            i - +5 pair of boots of Geviroq {rN+}
Will    +....        q - amulet of reflection Stlth
                     C - ring of Due Proportion {^Contam rPois EV+5 Int+6 SInv}
HPRegen 0.55/turn    J - ring of Xycimn {Fire Fly rN+ Str+2 Dex-4}
MPRegen 0.18/turn

%: reflection, rampage
@: flying, lightly drained
A: explore regen, antennae 1, iridescent scales 1, deformed body, deterioration
1, frail 1, screaming 1, sturdy frame 1
0: Orb of Zot
}: 3/15 runes: decaying, silver, gossamer
a: Renounce Religion, Potion Petition, Call Merchant, Bribe Branch


You escaped.
You worshipped Gozag.
Gozag was most pleased with you.
You visited 11 branches of the dungeon, and saw 52 of its levels.
You also visited: Sewer, Ossuary, Ice Cave and Desolation.

You collected 29197 gold pieces.
You spent 10172 gold pieces at shops.
You paid 17904 gold pieces to Gozag.

Inventory:

Hand Weapons
 a - the +3 broad axe of Yeast {speed, rElec rPois Will- rCorr}
   (You found it on level 2 of the Vaults)

   rElec:     It insulates you from electricity.
   rPois:     It protects you from poison Will-: It decreases your willpower.
   rCorr:     It protects you from acid and corrosion.
 e - the +10 battleaxe of Putrescence {spect, SInv}
   (You acquired it on level 4 of the Dungeon)

   SInv:      It lets you see invisible.
 M - the +18 lance "Wyrmbane" (weapon) {slay drac, rPois rF+ rC+ AC+3}
   (You took it off a vault sentinel on level 1 of the Vaults)

   AC+3:      It affects your AC (+3).
   rF+:       It protects you from fire.
   rC+:       It protects you from cold.
   rPois:     It protects you from poison
Armour
 b - the +1 helmet "Nifroirph" {rF+ rCorr}
   (You found it in the Desolation of Salt)

   rF+:       It protects you from fire.
   rCorr:     It protects you from acid and corrosion.
 i - the +5 pair of boots of Geviroq (worn) {rN+}
   (You acquired it on level 4 of the Dungeon)

   rN+:       It protects you from negative energy.
 z - the +0 helmet of a bazaar {Fly rN+ Int+4}
   (You found it on level 4 of the Swamp)

   Int+4:     It affects your intelligence (+4).
   rN+:       It protects you from negative energy.
   Fly:       It grants you flight.
 F - the +5 plate armour of the Tuna (worn) {rC++}
   (You found it on level 6 of the Dungeon)

   rC++:      It greatly protects you from cold.
 H - the +4 cloak "Tuitarar" (worn) {Rampage}
   (You found it in the Desolation of Salt)

   Rampage:   It bestows one free step when moving towards enemies.
 R - the +3 pair of boots of Dixieschu {rF+}
   (You acquired it on level 2 of the Vaults)

   rF+:       It protects you from fire.
 U - the +3 pair of gauntlets of War (worn) {Slay+5}
   (You found it in the Desolation of Salt)

   Slay+5:    It affects your accuracy & damage with ranged weapons and melee
   (+5).
 V - the +5 Storm Queen's Shield (worn) {shock, Fly rElec}
   (You bought it in a shop on level 3 of the Lair of Beasts)

   Shock:     When it blocks an attack, it may electrocute the attacker.
   This works even against foes who are a short distance away.
   rElec:     It insulates you from electricity.
   Fly:       It grants you flight.
Jewellery
 q - an amulet of reflection (around neck)
 y - the ring "Muthropea" {rPois Str+2 Int+6 Dex+3}
   (You acquired it on level 2 of the Lair of Beasts)

   [ring of intelligence]

   Str+2:     It affects your strength (+2).
   Int+6:     It affects your intelligence (+6).
   Dex+3:     It affects your dexterity (+3).
   rPois:     It protects you from poison
 C - the ring of Due Proportion (left hand) {^Contam rPois EV+5 Int+6 SInv}
   (You bought it in a shop on level 1 of the Swamp)

   [ring of evasion]

   EV+5:      It affects your evasion (+5).
   Int+6:     It affects your intelligence (+6).
   rPois:     It protects you from poison SInv: It lets you see invisible.
   ^Contam:   It causes magical contamination when unequipped.
 J - the ring of Xycimn (right hand) {Fire Fly rN+ Str+2 Dex-4}
   (You took it off a deep elf annihilator on level 3 of the Elven Halls)

   [ring of fire]

   Fire:      It enhances your fire magic.
   Str+2:     It affects your strength (+2).
   Dex-4:     It affects your dexterity (-4).
   rF+:       It protects you from fire.
   rC-:       It makes you vulnerable to cold.
   rN+:       It protects you from negative energy.
   Fly:       It grants you flight.
 W - a +5 ring of evasion
Wands
 g - a wand of digging (9)
 K - a wand of acid (39)
 O - a wand of flame (78)
Scrolls
 c - 15 scrolls of fog
 j - 5 scrolls of amnesia
 l - 2 scrolls of summoning
 n - 7 scrolls of silence
 r - 5 scrolls of noise
 s - 6 scrolls of poison
 t - 7 scrolls of immolation
 v - 22 scrolls of teleportation
 A - 10 scrolls of enchant weapon
 E - 3 scrolls of revelation
 G - 10 scrolls of enchant armour
 L - 2 scrolls of brand weapon
 S - 5 scrolls of fear
Potions
 d - 11 potions of curing
 k - 7 potions of cancellation
 m - 10 potions of brilliance
 o - 5 potions of resistance
 p - 5 potions of magic
 w - 12 potions of ambrosia
 B - 3 potions of lignification
 D - 2 potions of mutation
 I - 5 potions of enlightenment
 N - 9 potions of attraction
 T - a potion of heal wounds
 X - 3 potions of invisibility
 Y - 3 potions of berserk rage
 Z - 9 potions of might
Miscellaneous
 h - a phantom mirror (inert)
 u - a phial of floods (inert)
 x - a box of beasts (inert)
 P - a lightning rod (4/4) (quivered)
 Q - a tin of tremorstones (2/2)


   Skills:
 * Level 26.4 Fighting
 - Level 20.2(22.2) Axes
 * Level 16.0(20.2) Polearms
 * Level 20.1 Armour
 * Level 15.1 Dodging
 - Level 5.8 Stealth
 - Level 15.0 Shields
 - Level 15.3 Evocations


You had 25 spell levels left.
You didn't know any spells.
Your spell library contained the following spells:

 Spells                   Type           Power      Damage    Failure   Level
 Apportation              Tloc           0%         N/A       80%         1
 Foxfire                  Conj/Fire      0%         2x1d4     80%         1
 Kiss of Death            Conj/Necr      0%         2d5       80%         1
 Necrotise                Necr           0%         1d4       80%         1
 Sandblast                Erth           0%         2d4       80%         1
 Slow                     Hex            0%         N/A       80%         1
 Sting                    Conj/Alch      0%         1d3       80%         1
 Summon Small Mammal      Summ           0%         N/A       80%         1
 Blink                    Tloc           0%         N/A       90%         2
 Cigotuvi's Dreadful Rot  Necr/Alch/Air  0%         N/A       90%         2
 Ensorcelled Hibernation  Hex/Ice        0%         N/A       90%         2
 Jinxbite                 Hex            0%         N/A       90%         2
 Lesser Beckoning         Tloc           0%         N/A       90%         2
 Mercury Vapours          Alch/Air       0%         N/A       90%         2
 Momentum Strike          Conj/Tloc      0%         3d8       90%         2
 Call Canine Familiar     Summ           0%         N/A       99%         3
 Confusing Touch          Hex            0%         N/A       99%         3
 Dazzling Flash           Conj/Hex       0%         N/A       99%         3
 Frozen Ramparts          Ice            0%         1d1       99%         3
 Fugue of the Fallen      Necr           0%         N/A       99%         3
 Gell's Gravitas          Tloc           0%         N/A       99%         3
 Inner Flame              Hex/Fire       0%         N/A       99%         3
 Mephitic Cloud           Conj/Alch/Air  0%         N/A       99%         3
 Passwall                 Erth           0%         N/A       99%         3
 Sigil of Binding         Hex            0%         N/A       99%         3
 Stone Arrow              Conj/Erth      0%         3d7       99%         3
 Summon Ice Beast         Ice/Summ       0%         N/A       99%         3
 Teleport Other           Tloc           0%         N/A       99%         3
 Tukima's Dance           Hex            0%         N/A       99%         3
 Vampiric Draining        Necr           0%         2d6       99%         3
 Volatile Blastmotes      Fire/Tloc      0%         2d10      99%         3
 Anguish                  Hex/Necr       0%         N/A       100%        4
 Animate Armour           Summ/Erth      0%         N/A       100%        4
 Brom's Barrelling Bould  Conj/Erth      0%         2d3       100%        4
 Cause Fear               Hex            0%         N/A       100%        4
 Dimensional Bullseye     Hex/Tloc       0%         N/A       100%        4
 Dispel Undead            Necr           0%         3d6       100%        4
 Flame Wave               Conj/Fire      0%         2d4       100%        4
 Fulminant Prism          Conj/Alch      0%         3d5       100%        4
 Leda's Liquefaction      Alch/Erth      0%         N/A       100%        4
 Martyr's Knell           Necr/Summ      0%         N/A       100%        4
 Olgreb's Toxic Radiance  Alch           0%         N/A       100%        4
 Passage of Golubria      Tloc           0%         N/A       100%        4
 Petrify                  Alch/Erth      0%         N/A       100%        4
 Sticky Flame             Fire/Alch      0%         2d4       100%        4
 Summon Blazeheart Golem  Fire/Summ      0%         N/A       100%        4
 Summon Lightning Spire   Summ/Air       0%         N/A       100%        4
 Alistair's Intoxication  Alch           0%         N/A       100%        5
 Borgnjor's Vile Clutch   Necr/Erth      0%         N/A       100%        5
 Curse of Agony           Necr           0%         N/A       100%        5
 Freezing Cloud           Conj/Ice/Air   0%         6-21      100%        5
 Irradiate                Conj/Alch      0%         3d11      100%        5
 Iskenderun's Battlesphe  Conj           0%         2d6       100%        5
 Lee's Rapid Deconstruct  Erth           0%         3d4*      100%        5
 Metabolic Englaciation   Hex/Ice        0%         N/A       100%        5
 Silence                  Hex/Air        0%         N/A       100%        5
 Summon Forest            Summ/Tloc      0%         N/A       100%        5
 Summon Mana Viper        Hex/Summ       0%         N/A       100%        5
 Yara's Violent Unravell  Hex/Alch       0%         3d3       100%        5
 Bombard                  Conj/Erth      0%         9d1       100%        6
 Death Channel            Necr           0%         N/A       100%        6
 Dispersal                Tloc           0%         N/A       100%        6
 Plasma Beam              Fire/Air       0%         2x1d10    100%        6
 Starburst                Conj/Fire      0%         6d3       100%        6
 Enfeeble                 Hex            0%         N/A       100%        7
 Monstrous Menagerie      Summ           0%         N/A       100%        7
 Orb of Destruction       Conj           0%         9d5       100%        7
 Spellforged Servitor     Conj/Summ      0%         N/A       100%        7
 Summon Hydra             Summ           0%         N/A       100%        7
 Lehudib's Crystal Spear  Conj/Erth      0%         10d2      100%        8
 Maxwell's Capacitive Co  Air            0%         ∞         100%        8
 Summon Horrible Things   Summ           0%         N/A       100%        8
 Death's Door             Necr           0%         N/A       100%        9
 Polar Vortex             Ice            0%         N/A       100%        9
 Animate Dead             Necr           Unusable   N/A       N/A         4

Dungeon Overview and Level Annotations

Branches:
Dungeon (15/15)            Temple (1/1) D:6            Lair (5/5) D:10
  Swamp (4/4) Lair:3       Spider (4/4) Lair:3        Slime (4/5) Lair:4
    Orc (2/2) D:11            Elf (3/3) Orc:2        Vaults (5/5) D:14
  Crypt (0/3) Vaults:2     Depths (4/4) D:15            Zot (5/5) Depths:4
  Sewer (visited)         Ossuary (visited)           IceCv (visited)
Desolation (visited)

Altars:
Ashenzari
Cheibriados
Dithmenos
Elyvilon
Fedhas
Gozag
Hepliaklqana
Kikubaaqudgha
Makhleb
Nemelex Xobeh
Okawaru
Qazlal
Ru
Sif Muna
Trog
Uskayaw
Vehumet
Wu Jian
Xom
Yredelemnul
Zin
The Shining One

Shops:
D:4 (**(!   D:7 ?   Orc:2 [*((   Elf:1 :   Elf:2 [   Elf:3 [   Lair:1 *
Lair:3 [*   Lair:5 (   Swamp:1 =   Spider:1 *   Vaults:1 (   Vaults:2 (
Vaults:3 (   Vaults:5 ?

Portals:
Hell: Depths:1 Depths:2 Depths:3 Depths:4
Abyss: Depths:2 Depths:3
Pandemonium: Depths:2
Ziggurat: Depths:2

Annotations:
D:6 Grinder
D:13 3 transporters
Spider:2 3 runed translucent doors, Flugkiller's ghost, adept TrEn
Depths:1 1 runed translucent door
Depths:4 2 exclusions
Zot:4 2 transporters


Innate Abilities, Weirdness & Mutations

You regain HP and MP as you explore.
You have a pair of small antennae on your head.
You are partially covered in iridescent scales. (AC +2)
Armour fits poorly on your strangely shaped body.
Your body sometimes deteriorates upon taking damage.
You are frail. (-10% HP)
You occasionally shout uncontrollably at your foes.
Your movements are slightly less encumbered by armour. (ER -2)


Message History

Your shield discharges, shocking the rust devil!
The rust devil resists.
You block the orange demon's attack.
Letridej gestures.
You puncture Letridej!
Letridej is almost dead.
You block the rust devil's attack.
Your shield discharges, shocking the rust devil!
The rust devil resists.
Letridej completely misses you.
You impale Letridej!!
As Letridej dies, the sound returns.
You kill Letridej!
The rust devil disappears in a puff of smoke!
The orange demon disappears in a puff of smoke!
The ynoxinul disappears in a puff of smoke!
The ice devil disappears in a puff of smoke!
The red devil disappears in a puff of smoke!
Your lightning rod (4/4) has regained one charge.
You puncture the rust devil!
The rust devil is moderately wounded.
You barely miss the rust devil.
The rust devil is moderately wounded.
You block the rust devil's attack.
You hit the rust devil.
The rust devil is moderately wounded.
The rust devil hits you. The rust devil corrodes you!
You barely miss the rust devil.
The rust devil is moderately wounded.
You impale the rust devil!!
The rust devil is almost dead.
The rust devil is distracted by your dazzling golden aura.
You strike the helpless rust devil from behind!
You impale the rust devil!!
You kill the rust devil!
You now have 1121 gold pieces (gained 6).
Your magical effects are unravelling.
You feel magically purged.
You are no longer corroded.
What level of the Dungeon? (default 1, ? - help)
There is a fountain of clear blue water here.
There is a staircase leading out of the dungeon here.
You have escaped!

### #......# ..###
#####.....#####
#...#####.............####
##........####...........#
##....###................#
....#..##..##♣♣♣.♣♣♣##...#
#.#.##.....# ♣⌠♣ #...#
..#..###...♣♣♣♣♣.♣♣♣♣♣..## .###.#
##.....⌠.@.⌠.....# ..##.#
#..♣♣♣♣♣(♣♣♣♣♣..# #.##.# #..# ♣⌠♣
#..####### #.##.#
#..##♣♣♣.♣♣♣##...##...## .....#
#......................##
#.#..######..###................#
...................(............#
#....#############..............#
###)..## #####.....#..........##


There were no monsters in sight!

Vanquished Creatures
  Dissolution (Slime:2)
  2 ancient liches (Zot:5)
  4 orbs of fire
  A pandemonium lord (D:1)
  Bai Suzhen (Vaults:3)
  A Killer Klown (Zot:5)
  A shard shrike (IceCv)
  A curse toe (Zot:2)
  8 golden dragons
  Nikola (Spider:2)
  A bone dragon (Depths:1)
  A Tzitzimitl (Zot:1)
  3 electric golems
  6 tentacled monstrosities
  15 Orb Guardians (Zot:5)
  A Hell Sentinel (D:15)
  Asterion (Elf:2)
  A walking earthen tome (Depths:4)
  2 deep elf master archers (Elf:3)
  4 liches
  2 deep elf blademasters
  A walking crystal tome (Zot:3)
  5 titans (Vaults:5)
  3 quicksilver dragons
  4 acid blobs
  2 walking divine tomes (Zot:3)
  8 death cobs
  A thorn hunter (Swamp:4)
  5 tengu reavers
  Kirke (Lair:4)
  A fenstrider witch (Swamp:3)
  9 shadow dragons
  10 storm dragons
  4 draconian monks
  6 azure jellies
  3 protean progenitors
  6 rockslimes
  3 draconian knights
  5 fire giants
  7 deep elf sorcerers
  2 emperor scorpions (Spider:4)
  2 imperial myrmidons (Desolation)
  5 ghost moths
  8 frost giants
  4 deep elf elementalists (Elf:3)
  5 draconian scorchers
  An iron dragon (Vaults:5)
  16 vault wardens
  3 draconian shifters
  19 ironbound preservers
  6 draconian stormcallers
  2 orc warlords
  2 reapers
  4 quicksilver oozes
  A spriggan defender (Depths:2)
  8 very ugly things
  2 broodmothers
  7 formless jellyfish
  5 ironbound thunderhulks
  4 draconian annihilators
  9 stone giants
  10 deep elf death magi
  2 vampire knights (Depths:2)
  12 dire elephants
  5 green draconians
  10 deep elf demonologists
  7 white draconians
  8 yellow draconians
  9 deep elf annihilators
  5 black draconians
  4 spark wasps
  A halazid warlock (Desolation)
  4 eleionomae
  4 war gargoyles
  4 red draconians
  2 lorocyprocas
  9 purple draconians
  A bunyip (Swamp:2)
  8 ettins
  Snorg (Lair:5)
  A blizzard demon (D:1)
  A green death (D:11)
  12 yaktaur captains
  3 deep elf high priests
  6 fire dragons
  5 ragged hierophants (Desolation)
  10 servants of whispers (Desolation)
  A salamander tyrant (Depths:1)
  8 entropy weavers
  2 rakshasas
  2 hydras
  6 ogre magi
  2 hell beasts
  8 great orbs of eyes
  9 peacekeepers
  2 jorogumos
  12 ice dragons
  35 vault guards
  3 ghost crabs
  12 ironbound frosthearts
  A two-headed ogre (shapeshifter) (Vaults:2)
  4 radroaches
  A boulder beetle (shapeshifter) (Elf:3)
  A death knight (D:15)
  A spriggan air mage (Depths:4)
  4 boulder beetles
  9 centaur warriors
  8 alligators
  8 tengu warriors
  2 death yaks (Lair:5)
  22 dancing weapons
  2 deep troll earth magi
  14 two-headed ogres
  3 deep troll shamans (Depths:4)
  A spectral dire elephant (Lair:5)
  4 demonic crawlers
  A vampire mage (Depths:4)
  2 spriggan berserkers (Depths:4)
  17 deep elf knights
  Amaemon (Lair:2)
  7 hell knights
  2 spectral death yaks (Lair:5)
  A skyshark (Lair:2)
  A salamander mystic (Depths:2)
  2 iron trolls (Depths:4)
  3 pharaoh ants
  A spectral anaconda (Lair:5)
  4 skeletal warriors (D:15)
  A bog body (Swamp:4)
  A sea snake (shapeshifter) (Depths:3)
  3 goliath frogs (Swamp:1)
  4 deep elf archers
  2 glowing orange brains
  A swamp dragon (Swamp:2)
  4 spriggan druids
  A mana viper (shapeshifter) (D:15)
  9 orb spiders
  7 arcanists
  8 lindwurms
  An obsidian statue (Lair:5)
  A harpy (shapeshifter) (D:14)
  42 deep trolls
  3 mana vipers
  A sun moth (Spider:2)
  A large abomination (D:15)
  A steelbarb worm (shapeshifter) (Depths:3)
  24 ironbound convokers
  An orange crystal statue (IceCv)
  4 phantasmal warriors
  18 deep elf zephyrmancers
  2 steelbarb worms
  27 deep elf pyromancers
  8 harpies
  2 orc sorcerers
  8 orc knights
  7 necromancers
  3 manticores
  15 wolf spiders
  38 ugly things
  20 moths of wrath
  3 shining eyes
  6 cyclopes
  A faun (Zot:2)
  4 salamanders
  A will-o-the-wisp (Swamp:2)
  A meliai (shapeshifter) (Elf:1)
  3 meliai (D:14)
  5 orange demons
  A guardian serpent (shapeshifter) (Elf:3)
  3 guardian serpents (Desolation)
  18 elephants
  A kobold blastminer (Orc:1)
  A molten gargoyle (Desolation)
  17 vault sentinels
  2 eyes of devastation (Slime:4)
  A gargoyle (D:11)
  2 smoke demons
  3 rust devils
  7 black mambas
  10 cane toads
  3 torpor snails
  Maggie (D:6)
  An unseen horror (D:7)
  17 rime drakes
  2 kobold demonologists
  A spectral skyshark (Lair:3)
  46 yaktaurs
  An efreet (D:14)
  8 komodo dragons
  A tengu conjurer (Depths:1)
  5 freezing wraiths
  12 trolls
  3 red devils (D:12)
  A hellwing (D:10)
  16 polar bears
  26 tarantellas
  A merfolk (shapeshifter) (Vaults:5)
  15 dream sheep
  11 tyrant leeches
  65 saltlings
  A bloated husk (Swamp:4)
  12 hornets
  A glass eye (Slime:1)
  10 blink frogs
  A spectral elephant (Lair:3)
  26 jumping spiders
  Sigmund (D:4)
  2 wyverns
  2 spectral black mambas (Lair:3)
  A spriggan (shapeshifter) (D:13)
  15 culicivoras
  An air elemental (Elf:1)
  91 slime creatures
  10 spriggans
  2 shadows
  A dire elephant simulacrum (Lair:5)
  51 yaks
  4 fire elementals
  4 wargs
  4 water elementals
  3 humans (D:14)
  4 wraiths
  7 hogs (Lair:4)
  3 basilisks
  A death yak simulacrum (Lair:5)
  2 steam dragons
  4 golden eyes (Slime:4)
  A golden eye (shapeshifter) (D:15)
  50 redbacks
  5 vampire mosquitoes
  3 swamp worm simulacra (Swamp:4)
  4 spectral cane toads (Lair:5)
  12 water moccasins
  16 hydra simulacra (Swamp:4)
  12 swamp worms
  16 orc warriors
  A sky beast (D:7)
  2 black bears
  4 elephant zombies (Lair:5)
  2 swamp drakes (Swamp:1)
  2 laughing skulls (D:15)
  19 ogres
  7 centaurs
  An elephant skeleton (Lair:5)
  2 phantoms
  A kobold brigand (D:7)
  2 elf zombies (Ossuary)
  10 bullfrogs
  An earth elemental (Elf:2)
  2 gnoll sergeants
  2 scorpions
  A cane toad simulacrum (Lair:5)
  8 wights (D:9)
  19 killer bees
  3 elephant simulacra (Lair:5)
  2 electric eels
  4 howler monkeys
  A bombardier beetle (D:5)
  12 orc priests
  2 hounds
  18 jellies
  A sleepcap (D:6)
  Jessica (D:2)
  A gnoll bouda (D:5)
  2 iguanas
  25 orc wizards
  4 mummies (Ossuary)
  Robin (D:2)
  12 gnolls
  13 adders
  2 river rats (D:4)
  A white imp (D:6)
  10 ufetubi
  5 swamp drake simulacra (Swamp:4)
  2 adder zombies (Ossuary)
  2 dart slugs (D:1)
  61 orcs
  8 bats
  4 endoplasms
  6 giant cockroaches
  10 goblins
  11 hobgoblins
  8 quokkas
  10 ball pythons
  3 frilled lizards
  A goblin zombie (Ossuary)
  3 hobgoblin zombies (Ossuary)
  A jackal zombie (Ossuary)
  13 kobolds
  3 kobold zombies (Ossuary)
  6 rats
  A spectral orc (D:5)
  A spectral weapon (Swamp:3)
1967 creatures vanquished.

Vanquished Creatures (collateral kills)
  A juggernaut (Depths:3)
  A Killer Klown (Zot:4)
  2 curse toes (Zot:2)
  2 golden dragons
  An electric golem (Zot:3)
  A walking crystal tome (Depths:3)
  3 tentacled monstrosities (Zot:3)
  A walking earthen tome (Zot:3)
  A quicksilver dragon (Zot:2)
  3 death cobs
  2 storm dragons (Zot:2)
  3 protean progenitors (Zot:2)
  A draconian monk (Zot:5)
  A shadow dragon (Zot:1)
  A nargun (Zot:3)
  2 draconian scorchers (Zot:3)
  A spriggan defender (Depths:3)
  2 draconian annihilators
  3 stone giants
  A green draconian (Zot:2)
  A vampire knight (Depths:4)
  2 white draconians (Zot:2)
  5 spark wasps
  A yellow draconian (Depths:4)
  3 red draconians
  2 hydras
  2 ice dragons (Depths:4)
  3 dancing weapons (Elf:2)
  A deep troll shaman (Depths:3)
  A spriggan berserker (Depths:4)
  A deep troll earth mage (Depths:3)
  3 hell knights (Depths:4)
  3 iron trolls
  A deep elf pyromancer (Elf:2)
  2 fauns (Zot:2)
  3 shining eyes (Zot:2)
  7 moths of wrath
  A yaktaur (Vaults:2)
  A water elemental (Depths:2)
76 creatures vanquished.

Vanquished Creatures (others)
  A dread lich (Zot:5)
  An ancient lich (Vaults:5)
  3 orbs of fire (Zot:5)
  3 Killer Klowns (Zot:5)
  A golden dragon (Zot:5)
  2 liches
  A tentacled monstrosity (Zot:3)
  10 Orb Guardians (Zot:5)
  2 death cobs
  2 shadow dragons (Zot:5)
  3 draconian monks
  A nargun (Zot:3)
  A draconian knight (Zot:3)
  A frost giant (Depths:4)
  A fire giant (Vaults:5)
  A protean progenitor (Zot:2)
  A draconian scorcher (Zot:2)
  A ghost moth (Zot:5)
  A draconian stormcaller (Zot:5)
  A stone giant (Depths:4)
  A draconian annihilator (Depths:4)
  3 green draconians
  A black draconian (Depths:4)
  2 white draconians
  A purple draconian (Zot:5)
  3 yellow draconians
  An ice dragon (Depths:3)
  A dancing weapon (Zot:3)
  A swamp dragon (Swamp:4)
  2 glowing orange brains (Depths:4)
  3 cyclopes (Zot:2)
  A moth of wrath (Zot:3)
  A bloated husk (Swamp:1)
  A water elemental (Depths:2)
  2 orcs (Orc:2)
  40 spectral weapons
102 creatures vanquished.

Grand Total: 2145 creatures vanquished

Notes
Turn   | Place    | Note
-------+----------+-------------------------------------------
     0 | D:5      | TobyConnect the Human Delver began the quest for the Orb.
     0 | D:5      | Reached XP level 1. HP: 18/18 MP: 1/1
     9 | D:5      | Identified the +6 leather armour "Zyinoso" {rCorr Dex+2}
    24 | D:4      | Found Ajator's Assorted Antiques.
    25 | D:4      | Noticed Sigmund
    76 | D:4      | Found Medwin's Weapon Shoppe.
    90 | D:4      | Noticed an orc wizard
   164 | D:4      | Reached XP level 2. HP: 2/24 MP: 2/2
   291 | D:4      | Reached XP level 3. HP: 27/29 MP: 3/3
   323 | D:4      | Found a glowing drain.
   327 | Sewer    | Entered a sewer
   511 | Sewer    | Noticed Pargi
   735 | D:4      | Reached XP level 4. HP: 6/35 MP: 4/4
  1094 | D:4      | Reached XP level 5. HP: 32/41 MP: 5/5
  1190 | D:4      | Found Xyruqyokk's Assorted Antiques.
  1215 | D:4      | Found Olux's Distillery.
  1728 | D:4      | Killed Sigmund
  1729 | D:4      | Reached skill level 4 in Fighting
  1729 | D:4      | Reached XP level 6. HP: 33/48 MP: 6/6
  1997 | D:4      | Found Hoirphoen's Weapon Boutique.
  2684 | D:2      | Found a sparkling altar of Nemelex Xobeh.
  2789 | D:2      | Reached skill level 1 in Armour
  2945 | D:2      | Reached XP level 7. HP: 55/55 MP: 7/7
  2958 | D:2      | Noticed Robin
  2985 | D:2      | Killed Robin
  3512 | D:2      | Noticed Jessica
  3538 | D:2      | Killed Jessica
  4260 | D:3      | Found a sacrificial altar of Ru.
  4269 | D:3      | Found a burning altar of Makhleb.
  4816 | D:5      | Reached skill level 5 in Fighting
  5037 | D:6      | Reached skill level 5 in Axes
  5053 | D:6      | Noticed a wraith
  5072 | D:6      | Killed a wraith
  5073 | D:6      | Reached XP level 8. HP: 24/64 MP: 3/8
  5093 | D:6      | Found a staircase to the Ecumenical Temple.
  5126 | Temple   | Entered the Ecumenical Temple
  5140 | Temple   | Became a worshipper of Gozag Ym Sagoz the Greedy
  5178 | D:6      | Reached skill level 6 in Fighting
  5285 | D:6      | Found a basalt altar of Yredelemnul.
  5400 | D:6      | Identified the +4 ring mail of Youthful Indiscretion {-Tele
                  | Str+3}
  5402 | D:6      | Noticed Maggie
  5408 | D:6      | Found a sand-covered staircase.
  5413 | Ossuary  | Entered an ossuary
  5430 | Ossuary  | Reached skill level 5 in Dodging
  5723 | D:6      | Noticed Grinder
  5769 | D:4      | Bought a +1 battleaxe of electrocution for 278 gold pieces
  5847 | D:5      | Reached skill level 7 in Fighting
  5951 | D:5      | Reached XP level 9. HP: 66/72 MP: 7/9
  6077 | D:5      | Found a hazy altar of Hepliaklqana.
  6386 | D:6      | Identified the +5 plate armour of the Tuna {rC++}
  6664 | D:6      | Killed Maggie
  7092 | D:7      | Found Roud's Magic Scroll Emporium.
  7136 | D:7      | Bought a scroll of identify for 28 gold pieces
  7136 | D:7      | Bought a scroll of teleportation for 42 gold pieces
  7189 | D:7      | Noticed an unseen horror
  7199 | D:7      | Killed an unseen horror
  7200 | D:7      | Reached skill level 8 in Fighting
  7427 | D:7      | Found a snail-covered altar of Cheibriados.
  7779 | D:7      | Reached skill level 5 in Armour
  8146 | D:7      | Noticed a five-headed hydra
  8459 | D:8      | Noticed a komodo dragon
  8488 | D:7      | Killed a komodo dragon
  8489 | D:7      | Reached skill level 9 in Fighting
  8489 | D:7      | Reached XP level 10. HP: 79/83 MP: 8/10
  8902 | D:8      | Noticed a manticore
  9352 | D:9      | Reached skill level 10 in Fighting
  9648 | D:9      | HP: 3/85 [killer bee (2)]
 10292 | D:9      | Reached XP level 11. HP: 92/92 MP: 9/11
 10306 | D:9      | Reached skill level 10 in Axes
 10708 | D:10     | Entered Level 10 of the Dungeon
 11495 | D:10     | Found a staircase to the Lair.
 11671 | D:10     | Found a shimmering altar of Xom.
 11671 | D:10     | Found a stormy altar of Qazlal.
 11815 | D:10     | Reached skill level 1 in Evocations
 11977 | D:4      | Bought a lightning rod (4/4) for 1200 gold pieces
 12053 | D:7      | Reached skill level 11 in Fighting
 12263 | D:8      | Found a glowing silver altar of Zin.
 12263 | D:8      | Found a glowing golden altar of the Shining One.
 12263 | D:8      | Found a white marble altar of Elyvilon.
 12713 | D:7      | Killed a five-headed hydra
 12885 | D:8      | Killed a manticore
 14035 | D:11     | Gained mutation: You are clumsy. (Dex -2) [a neqoxec]
 14038 | D:11     | Gained mutation: You occasionally shout uncontrollably at
                  | your foes. [a neqoxec]
 14266 | D:11     | Noticed a two-headed ogre
 14270 | D:11     | Killed a two-headed ogre
 14468 | D:11     | Identified the +8 battleaxe "Kewnuveo" {spect, *Noise Str+3
                  | SInv}
 14812 | D:11     | Noticed a cyclops
 15015 | D:11     | Killed a cyclops
 15016 | D:11     | Reached XP level 12. HP: 102/102 MP: 12/12
 15272 | D:11     | Found a staircase to the Orcish Mines.
 15307 | D:11     | Reached skill level 12 in Fighting
 15307 | D:11     | Reached skill level 5 in Evocations
 16649 | D:12     | Identified the +9 great sword "Zuhal" {vamp, rPois}
 16981 | D:13     | Noticed a boulder beetle
 17007 | D:13     | Killed a boulder beetle
 17008 | D:13     | Reached skill level 13 in Fighting
 17045 | D:13     | Found a transporter.
 17053 | D:13     | Found a transporter.
 17069 | D:13     | Found a transporter.
 17444 | D:13     | Found a transporter.
 18184 | D:4      | Bought a phantom mirror for 1000 gold pieces
 18358 | Orc:1    | Entered Level 1 of the Orcish Mines
 18450 | Orc:1    | Reached XP level 13. HP: 109/111 MP: 13/13
 18675 | Orc:2    | Entered Level 2 of the Orcish Mines
 18852 | Orc:2    | Paralysed by an orc sorcerer for 4 turns
 19050 | Orc:2    | Paralysed by an orc sorcerer for 4 turns
 19161 | Orc:2    | Noticed a stone giant
 19352 | Orc:2    | Killed a stone giant
 19735 | Orc:2    | Reached skill level 14 in Fighting
 20005 | D:4      | Bought a scroll of identify for 50 gold pieces
 20005 | D:4      | Bought a scroll of identify for 50 gold pieces
 20005 | D:4      | Bought a scroll of identify for 50 gold pieces
 20006 | D:4      | Identified a scroll of acquirement
 20008 | D:4      | Acquired the +10 battleaxe of Putrescence {spect, SInv}
 20011 | D:4      | Bought a scroll labelled TIUJIN FUTIMUL for 25 gold pieces
 20011 | D:4      | Bought a scroll labelled TIUJIN FUTIMUL for 25 gold pieces
 20033 | D:4      | Bought a potion of heal wounds for 55 gold pieces
 20033 | D:4      | Bought a potion of cancellation for 88 gold pieces
 20033 | D:4      | Bought a potion of might for 44 gold pieces
 20033 | D:4      | Bought a potion of invisibility for 88 gold pieces
 20088 | D:7      | Bought a scroll of teleportation for 42 gold pieces
 20376 | Orc:2    | Found Uczeluck's Weapon Shoppe.
 20382 | Orc:2    | Found Xuevu Ruif's Antique Armour Emporium.
 20382 | Orc:2    | Found Wonynun's Antique Weapon Shop.
 20512 | Orc:2    | Found Ilah's General Store.
 20528 | Orc:2    | Found a staircase to the Elven Halls.
 20929 | Orc:2    | Bought a pair of glowing gloves for 157 gold pieces
 20940 | Orc:2    | Bought a pair of embroidered boots for 157 gold pieces
 20940 | Orc:2    | Bought a pair of embroidered boots for 157 gold pieces
 20967 | Orc:2    | Bought a scarf of repulsion for 156 gold pieces
 21785 | D:14     | Noticed a vault guard
 21827 | D:13     | Reached XP level 14. HP: 66/121 MP: 8/14
 22018 | D:14     | Reached skill level 15 in Fighting
 22530 | D:15     | Entered Level 15 of the Dungeon
 22988 | Lair:1   | Entered Level 1 of the Lair of Beasts
 23051 | Lair:1   | Reached skill level 15 in Axes
 24506 | Lair:2   | Noticed Amaemon
 24515 | Lair:2   | Killed Amaemon
 24880 | Lair:2   | Acquired the ring "Muthropea" {rPois Str+2 Int+6 Dex+3}
 25109 | Lair:3   | Reached skill level 16 in Fighting
 25899 | Lair:3   | Found a hole to the Spider Nest.
 26147 | Lair:3   | Found a staircase to the Swamp.
 26384 | Lair:4   | Found a staircase to the Slime Pits.
 26601 | Lair:4   | Reached XP level 15. HP: 131/131 MP: 11/15
 27121 | Lair:4   | Noticed Kirke
 27132 | Lair:4   | Killed Kirke
 27360 | Lair:5   | Entered Level 5 of the Lair of Beasts
 27640 | Lair:5   | Noticed Snorg
 27648 | Lair:5   | Killed Snorg
 27873 | Lair:5   | Reached skill level 17 in Fighting
 28288 | Lair:5   | Got the Volume of the Voyage and Frostbite
 28294 | Lair:5   | Bought a translucent mace for 304 gold pieces
 28294 | Lair:5   | Identified the +1 mace "Konked" {holy, ^Fragile rPois Will-
                  | rCorr} (You bought it in a shop on level 5 of the Lair of
                  | Beasts)
 29010 | Lair:5   | Identified the +0 leather armour of the Past {Dex+3}
 29186 | Spider:1 | Entered Level 1 of the Spider Nest
 29882 | Spider:1 | Reached XP level 16. HP: 127/143 MP: 8/16
 30200 | Spider:1 | Reached skill level 10 in Evocations
 30250 | Spider:1 | Acquired 746 gold pieces
 30466 | Spider:2 | Found a runed translucent gate.
 30472 | Spider:2 | Found a runed translucent gate.
 30472 | Spider:2 | Found a runed translucent gate.
 30474 | Spider:2 | Noticed Flugkiller's ghost (adept TrEn)
 30706 | Spider:2 | Reached skill level 18 in Fighting
 30757 | Spider:2 | Identified the +3 hand axe of the Snake Pit {holy, *Rage
                  | rPois Will+++ SInv}
 30993 | Spider:2 | Noticed Nikola
 31172 | Spider:3 | Found a glacial archway.
 31205 | IceCv    | Entered an ice cave
 32583 | IceCv    | Reached skill level 10 in Armour
 32920 | IceCv    | Noticed a shard shrike
 32927 | IceCv    | Killed a shard shrike
 33139 | IceCv    | Identified the ring of Quis Gau {Ice rElec rN+ Str-2 Int+3}
 33792 | Spider:2 | Killed Nikola
 34683 | D:4      | Bought a scroll of acquirement for 1560 gold pieces
 34683 | D:4      | Acquired the +5 pair of boots of Geviroq {rN+}
 34963 | Spider:3 | Reached skill level 19 in Fighting
 35107 | Spider:3 | Reached XP level 17. HP: 132/153 MP: 11/17
 35692 | Spider:4 | Entered Level 4 of the Spider Nest
 37090 | Spider:4 | Got a gossamer rune of Zot
 37763 | Spider:4 | Got Lokisi's Essays on the Disjunct Curse
 37894 | Spider:4 | Identified the +4 ring mail of Pathos {rC+ Int+2 SInv
                  | Stlth+}
 37997 | Spider:4 | Found a hide-covered altar of Uskayaw.
 38337 | Swamp:1  | Entered Level 1 of the Swamp
 38376 | Lair:3   | Bought the +5 Storm Queen's Shield {shock, Fly rElec} for
                  | 775 gold pieces
 38376 | Lair:3   | Found the +5 Storm Queen's Shield {shock, Fly rElec}
 38882 | D:14     | Found a gate to the Vaults.
 39351 | D:15     | Reached skill level 20 in Fighting
 39447 | D:15     | Found a staircase to the Depths.
 39975 | D:15     | Found a hide-covered altar of Uskayaw.
 40185 | Vaults:1 | Entered Level 1 of the Vaults
 40565 | D:14     | Lost mutation: You are clumsy. (Dex -2) [potion of
                  | mutation]
 40565 | D:14     | Lost mutation: You occasionally shout uncontrollably at
                  | your foes. [potion of mutation]
 40565 | D:14     | Gained mutation: You are agile. (Dex +4, Str/Int -1)
                  | [potion of mutation]
 40565 | D:14     | Lost mutation: You are agile. (Dex +4, Str/Int -1) [potion
                  | of mutation]
 40782 | Vaults:1 | Reached XP level 18. HP: 146/162 MP: 6/18
 41279 | Elf:1    | Entered Level 1 of the Elven Halls
 41816 | Elf:1    | Paralysed by an air elemental for 1 turns
 42120 | Elf:1    | Got the Verses on Power
 42563 | Elf:1    | Found Gekhluavu's Book Boutique.
 43097 | Elf:2    | Found a runed translucent gate.
 43101 | Elf:2    | Found a runed translucent gate.
 43101 | Elf:2    | Found a runed translucent gate.
 43506 | Elf:2    | Found Xuaqang's Armour Shoppe.
 43736 | Elf:2    | Acquired a manual of Shields
 43985 | Elf:2    | Noticed Asterion
 43991 | Elf:2    | Killed Asterion
 44670 | Elf:3    | Entered Level 3 of the Elven Halls
 44676 | Elf:3    | Found Syos's Armour Shop.
 44829 | Elf:3    | Noticed a deep elf blademaster
 45171 | Elf:2    | Killed a deep elf blademaster
 45353 | Elf:3    | Identified the +1 robe of the Marlin {Int+3 Dex+4}
 45618 | Elf:3    | Reached XP level 19. HP: 160/170 MP: 16/19
 45656 | Elf:3    | Identified the orb of the Harvest {*channel, rF++ Dex-2}
 45905 | Elf:3    | Identified the ring of Xycimn {Fire Fly rN+ Str+2 Dex-4}
 45919 | Elf:3    | Noticed a Tzitzimitl
 48921 | Swamp:4  | Entered Level 4 of the Swamp
 49704 | Swamp:4  | Identified the +0 helmet of a bazaar {Fly rN+ Int+4}
 49781 | Swamp:4  | Got a decaying rune of Zot
 50865 | Vaults:1 | Reached skill level 15 in Evocations
 51259 | Vaults:1 | Reached XP level 20. HP: 95/178 MP: 11/20
 51721 | Vaults:1 | Found Fenin's Weapon Shop.
 52014 | Vaults:2 | Reached skill level 15 in Armour
 52030 | Vaults:2 | Acquired 605 gold pieces
 52032 | Vaults:2 | Acquired 376 gold pieces
 52034 | Vaults:2 | Acquired 783 gold pieces
 52334 | Elf:1    | Bought a manual of Fighting for 1600 gold pieces
 52644 | Vaults:2 | Identified the +3 broad axe of Yeast {speed, rElec rPois
                  | Will- rCorr}
 53004 | Vaults:2 | Reached skill level 1 in Shields
 53048 | Vaults:2 | Reached skill level 1 in Polearms
 53053 | Vaults:2 | Reached skill level 21 in Fighting
 54076 | Vaults:2 | Found a staircase to the Crypt.
 54243 | Vaults:2 | Acquired the +3 pair of boots of Dixieschu {rF+}
 54826 | Vaults:3 | Reached skill level 5 in Shields
 54920 | Vaults:3 | Paralysed by a formless jellyfish for 1 turns
 55142 | Vaults:3 | Found a crumbling gateway.
 55150 | Desolati | Entered the Desolation of Salt
 55438 | Desolati | Identified the +5 scimitar "Fodaal" {drain, *Rage rElec
                  | Str+2 Dex+3}
 55454 | Desolati | Found the +3 pair of gauntlets of War {Slay+5}
 55722 | Desolati | Reached skill level 5 in Polearms
 55812 | Desolati | Identified the +4 dagger of Qosur {heavy, rElec rF+}
 55815 | Desolati | Identified the staff "Cecsesatt" {rC+ Earth}
 55904 | Desolati | Reached XP level 21. HP: 167/188 MP: 21/21
 55910 | Desolati | Reached skill level 22 in Fighting
 56139 | Desolati | Identified the +4 cloak "Tuitarar" {Rampage}
 56259 | Desolati | Identified the +3 ring mail "Guofo" {-Tele Int+5}
 56339 | Desolati | Got the Precepts of the Undead Snake
 56370 | Desolati | Identified the ring of Atoaxicu {Ice Will- Str+4}
 56375 | Desolati | Identified the +1 helmet "Nifroirph" {rF+ rCorr}
 56379 | Desolati | Got the Elucidation of Transposition and Esoterica
 56404 | Desolati | Got the Discourse on the Swarm
 56842 | Vaults:3 | Paralysed by a formless jellyfish for 1 turns
 57119 | Vaults:3 | Noticed Bai Suzhen
 57140 | Vaults:3 | Killed Bai Suzhen
 57395 | Vaults:3 | Found Ixas's Weapon Shoppe.
 58240 | Vaults:4 | Reached skill level 10 in Shields
 59158 | Vaults:4 | Found the +12 glaive of Prune {freeze, Prune}
 59443 | Vaults:4 | Reached skill level 23 in Fighting
 60015 | Vaults:5 | Entered Level 5 of the Vaults
 60221 | Vaults:5 | Identified the +1 scale mail "Noir Kau" {rF+ Will++}
 60249 | Vaults:5 | Identified the ring "Ratewag" {rPois rN+ Int+2 Dex+3
                  | Stlth+}
 60323 | Vaults:5 | Reached XP level 22. HP: 189/200 MP: 22/22
 60333 | Vaults:5 | Noticed an ancient lich
 60342 | Vaults:5 | Killed an ancient lich
 60420 | Vaults:5 | Found Ruuv's Magic Scroll Emporium.
 60431 | Vaults:5 | Bought a scroll of acquirement for 1040 gold pieces
 60431 | Vaults:5 | Bought a scroll of blinking for 150 gold pieces
 60431 | Vaults:5 | Acquired 749 gold pieces
 60552 | Vaults:5 | Identified the ring "Qelog" {rCorr Str+6 Int+5}
 60589 | Vaults:5 | Identified the +4 plate armour "Meumma" {rN+}
 60590 | Vaults:5 | Identified the ring "Qoniniun" {Wiz rPois Str+2}
 60595 | Vaults:5 | Identified the +4 chain mail "Goricug" {rElec rC+ MP+9}
 60785 | Vaults:5 | Got the Commentary on Malisons and Fog
 60865 | Vaults:5 | Got the Secrets of Reagents
 61832 | Vaults:5 | Reached skill level 10 in Polearms
 61839 | Vaults:5 | Identified the +1 pair of gloves of Jipicw {rF++ rN+ Str+2}
 61847 | Vaults:5 | Got a silver rune of Zot
 62140 | Vaults:5 | Found the +6 lightning scales {swift, rElec}
 62635 | Depths:1 | Entered Level 1 of the Depths
 63033 | Depths:1 | Found a runed translucent door.
 63073 | Depths:1 | Reached skill level 24 in Fighting
 63374 | Depths:1 | Found a gateway to Hell.
 63397 | Depths:1 | Reached XP level 23. HP: 209/209 MP: 23/23
 64696 | Depths:2 | Found a one-way gateway to a ziggurat.
 64728 | Depths:2 | Found a one-way gate leading to the halls of Pandemonium.
 64941 | Depths:2 | Paralysed by something for 3 turns
 65179 | Depths:2 | Noticed a golden dragon
 65200 | Depths:2 | Killed a golden dragon
 65263 | Depths:2 | Identified the +11 flail of the Common Good {elec, *Rage
                  | ^Drain Str+9 SInv}
 65266 | Depths:2 | Identified the +0 long sword of Ytit {freeze, Str+3 SInv
                  | Stlth+}
 65357 | Depths:2 | Found a one-way gate to the infinite horrors of the Abyss.
 66114 | Depths:3 | Noticed a juggernaut
 66126 | Depths:3 | Killed a juggernaut
 66127 | Depths:3 | Reached skill level 15 in Shields
 66270 | Depths:3 | Identified the +0 ice dragon scales of the Sacrificial
                  | Victim {^Drain rF- rC++ rN+ Int+4 SInv}
 66347 | Depths:3 | Identified the amulet of Jonedin {RegenMP ^Drain rElec
                  | Regen+ Dex+6}
 66349 | Depths:3 | Identified the staff "Newtslayer" {Fly Conj}
 66576 | Depths:3 | Identified the ring of the Philosopher {Fly rPois}
 67210 | Depths:4 | Entered Level 4 of the Depths
 67220 | Depths:4 | Reached skill level 10 in Dodging
 67382 | Depths:4 | Noticed a golden dragon
 67914 | Depths:4 | Killed a golden dragon
 68271 | Depths:4 | Paralysed by a vampire knight for 2 turns
 68652 | Depths:4 | Found a gate to the Realm of Zot.
 68669 | Depths:4 | Noticed a golden dragon
 68679 | Depths:4 | Killed a golden dragon
 69455 | Swamp:1  | Bought the ring of Due Proportion {^Contam rPois EV+5 Int+6
                  | SInv} for 1051 gold pieces
 69861 | Zot:1    | Entered Level 1 of the Realm of Zot
 69961 | Zot:1    | Noticed a golden dragon
 69975 | Zot:1    | Killed a golden dragon
 69976 | Zot:1    | Noticed a golden dragon
 69989 | Zot:1    | Reached XP level 24. HP: 213/219 MP: 23/23
 70062 | Zot:1    | You are sucked into a shaft and drop 1 floor!
 70109 | Zot:2    | Noticed a curse toe
 70670 | Zot:2    | Killed a curse toe
 71181 | Zot:2    | Noticed a curse toe
 71184 | Zot:2    | Killed a curse toe
 71569 | Zot:3    | Reached skill level 25 in Fighting
 71758 | Zot:3    | Identified the +6 short sword of the Fool {elec, rElec rC+
                  | MP+9}
 71836 | Zot:3    | Noticed a curse toe
 73447 | Zot:2    | Killed a curse toe
 74187 | Elf:3    | Identified the +6 morningstar of Laadgh {elec, rElec rPois
                  | Stlth-}
 74270 | Elf:3    | Reached XP level 25. HP: 205/228 MP: 23/23
 74467 | Elf:3    | Identified the +0 quick blade of Tihuadoti {distort, rF+
                  | rN+ Dex+3}
 74487 | Elf:3    | Got the Teachings on the Amalgamated Undead
 74504 | Elf:3    | Identified the staff "Ximics" {rElec rN+ Str-5 Dex+4 SInv
                  | Air}
 75183 | Slime:1  | Entered Level 1 of the Pits of Slime
 76127 | Slime:3  | Gained mutation: You occasionally lose the ability to drink
                  | potions when taking damage. [a shining eye]
 76128 | Slime:3  | Gained mutation: You occasionally shout uncontrollably at
                  | your foes. [a shining eye]
 76165 | Slime:2  | Noticed Dissolution
 76183 | Slime:2  | Killed Dissolution
 77111 | Zot:4    | Found a transporter.
 77146 | Zot:4    | Noticed a Killer Klown
 77165 | Zot:4    | Killed a Killer Klown
 77172 | Zot:4    | Identified the +2 hat of Defiance {rC+ Stlth+}
 77551 | Zot:4    | Identified the ring "Asifes" {Wiz rC- Int+3 Slay+4}
 77731 | Zot:4    | Found a transporter.
 77818 | Zot:4    | Identified the +7 trident of Ancient Evil {antimagic, rC+
                  | Dex+5 SInv}
 78226 | Zot:5    | Entered Level 5 of the Realm of Zot
 80686 | Zot:5    | Noticed an orb of fire
 80694 | Zot:5    | Noticed a Killer Klown
 80711 | Zot:5    | Reached skill level 15 in Polearms
 80866 | Zot:5    | Killed an orb of fire
 81067 | Zot:5    | Noticed an orb of fire
 81428 | Zot:5    | Noticed a Killer Klown
 81429 | Zot:5    | Noticed an orb of fire
 81453 | Zot:5    | Gained mutation: You are weak. (Str -2) [an orb of fire]
 81464 | Zot:5    | Killed an orb of fire
 81465 | Zot:5    | Reached skill level 26 in Fighting
 81467 | Zot:5    | Noticed an orb of fire
 81470 | Zot:5    | Noticed an orb of fire
 81470 | Zot:5    | Noticed a Killer Klown
 81471 | Zot:5    | Noticed an orb of fire
 81474 | Zot:5    | Noticed a dread lich
 81475 | Zot:5    | Noticed a Killer Klown
 81477 | Zot:5    | Noticed an ancient lich
 81494 | Zot:5    | Killed a Killer Klown
 81763 | Zot:5    | Killed a Killer Klown
 81787 | Zot:4    | Gained mutation: Your body sometimes deteriorates upon
                  | taking damage. [an orb of fire]
 81797 | Zot:4    | Gained mutation: You sometimes lose your temper in combat.
                  | [an orb of fire]
 81799 | Zot:4    | Killed an orb of fire
 81984 | Zot:5    | Killed an orb of fire
 81990 | Zot:5    | Paralysed by a dread lich for 2 turns
 81994 | Zot:5    | Killed a Killer Klown
 81996 | Zot:5    | Paralysed by a dread lich for 3 turns
 81999 | Zot:5    | Killed an orb of fire
 83167 | Zot:5    | Killed a dread lich
 83168 | Zot:5    | Reached XP level 26. HP: 227/238 MP: 23/23
 83209 | Zot:5    | Killed a Killer Klown
 83672 | Zot:5    | Noticed an orb of fire
 83679 | Zot:5    | Gained mutation: Your health recovers twice as slowly from
                  | being drained. [an orb of fire]
 83680 | Zot:5    | Gained mutation: Your body often deteriorates upon taking
                  | damage. [an orb of fire]
 83683 | Zot:5    | Gained mutation: You do not regenerate when monsters are
                  | visible. [an orb of fire]
 83690 | Zot:5    | Lost mutation: You occasionally shout uncontrollably at
                  | your foes. [potion of mutation]
 83690 | Zot:5    | Lost mutation: You sometimes lose your temper in combat.
                  | [potion of mutation]
 83690 | Zot:5    | Lost mutation: You are weak. (Str -2) [potion of mutation]
 83690 | Zot:5    | Gained mutation: You are strong-willed. (Will+) [potion of
                  | mutation]
 83699 | Zot:5    | Gained mutation: You are clumsy. (Dex -2) [an orb of fire]
 83703 | Zot:5    | Gained mutation: Your magical capacity is low. (-10% MP)
                  | [an orb of fire]
 83705 | Zot:5    | Killed an orb of fire
 84015 | Zot:5    | Lost mutation: You are clumsy. (Dex -2) [potion of
                  | mutation]
 84015 | Zot:5    | Lost mutation: You are strong-willed. (Will+) [potion of
                  | mutation]
 84015 | Zot:5    | Lost mutation: Your health recovers twice as slowly from
                  | being drained. [potion of mutation]
 84015 | Zot:5    | Gained mutation: You are agile. (Dex +4, Str/Int -1)
                  | [potion of mutation]
 84015 | Zot:5    | Gained mutation: Armour fits poorly on your strangely
                  | shaped body. [potion of mutation]
 84016 | Zot:5    | Lost mutation: Your body often deteriorates upon taking
                  | damage. [potion of mutation]
 84016 | Zot:5    | Lost mutation: You are agile. (Dex +4, Str/Int -1) [potion
                  | of mutation]
 84016 | Zot:5    | Gained mutation: You occasionally shout uncontrollably at
                  | your foes. [potion of mutation]
 84016 | Zot:5    | Gained mutation: You are partially covered in iridescent
                  | scales. (AC +2) [potion of mutation]
 84018 | Zot:5    | Lost mutation: Your magical capacity is low. (-10% MP)
                  | [potion of mutation]
 84018 | Zot:5    | Lost mutation: You occasionally lose the ability to drink
                  | potions when taking damage. [potion of mutation]
 84018 | Zot:5    | Gained mutation: You have a pair of small antennae on your
                  | head. [potion of mutation]
 84019 | Zot:5    | Lost mutation: Armour fits poorly on your strangely shaped
                  | body. [potion of mutation]
 84019 | Zot:5    | Lost mutation: You do not regenerate when monsters are
                  | visible. [potion of mutation]
 84019 | Zot:5    | Gained mutation: Your movements are slightly less
                  | encumbered by armour. (ER -2) [potion of mutation]
 84019 | Zot:5    | Gained mutation: You are somewhat resistant to further
                  | mutation. [potion of mutation]
 84229 | Zot:5    | Noticed an ancient lich
 84243 | Zot:5    | Killed an ancient lich
 84256 | Zot:5    | Killed an ancient lich
 84520 | Zot:5    | Lost mutation: You are somewhat resistant to further
                  | mutation. [an orb of fire]
 84524 | Zot:5    | Gained mutation: You are frail. (-10% HP) [an orb of fire]
 84528 | Zot:5    | Gained mutation: Armour fits poorly on your strangely
                  | shaped body. [an orb of fire]
 84540 | Zot:5    | Killed an orb of fire
 84598 | Zot:5    | Got the Orb of Zot
 84739 | Zot:1    | Reached skill level 15 in Dodging
 85163 | D:2      | Noticed Letridej the pandemonium lord
 85163 | D:2      | Noticed an ancient lich
 85207 | D:1      | Killed Letridej the pandemonium lord
 85255 | D:$      | Escaped with the Orb!

Illustrated notes

Levels and vault maps discovered:
D:1:      scummos_arrival_forest, layout_rooms
D:2:      layout_basic, basic_altar, uniq_jessica, uniq_robin
D:3:      layout_loops_corners, mainiacjoe_overflow_swirl, serial_bayou_pond_e
D:4:      layout_rooms, serial_shops, nicolae_shop_tiny_glass,
          kennysheep_little_box, nicolae_shop_back_alley_shop,
          nicolae_shop_behind_doors, nicolae_shop_tiny_statue_garden,
          gup_sewer_entry_spiral, serial_bayou, serial_bayou_pond_b,
          serial_bayou_crossing, serial_bayou_pond_e, serial_bayou_pond_c,
          serial_bayou_lagoon_b, uniq_sigmund
D:5:      layout_gridville, nicolae_hepliaklqana_monster_ancestors
D:6:      layout_loops_ring, yredelemnul_altar_generic,
          minmay_temple_entry_statues, enter_ossuary_5, uniq_grinder,
          uniq_maggie
D:7:      layout_loops_ring, kennysheep_mini_moat, serial_shops,
          nicolae_shop_window_shopping, minmay_three_doors
D:8:      layout_rooms, dreamdust_divine_triumvirate
D:9:      layout_basic
D:10:     layout_loops_corners, gammafunk_temple_overflow_wave,
          dpeg_oklobed_lair, serial_rivers, chequers_serial_rivers_small_b,
          chequers_serial_rivers_micro_d, chequers_serial_rivers_small_a,
          chequers_serial_rivers_large_b
D:11:     layout_layer_cave, orc_0_dummy
D:12:     layout_rooms, minmay_beelzebubs_servants
D:13:     layout_irregular_city, nicolae_transporter_intersection
D:14:     layout_long_grid, grunt_vaults_entry_fortified, minmay_misc_feat_doors
D:15:     hangedman_depths_entry_try_elsewhere_first, layout_gridville,
          nicolae_uskayaw_murder_on_the_dancefloor
Temple:   nicolae_temple_slightly_damp_pantheon
Lair:1:   layout_gridlike, grunt_megastairs_3
Lair:2:   layout_cave_pods, serial_rivers, chequers_serial_rivers_micro_b,
          chequers_serial_rivers_marsh, chequers_serial_rivers_small_a,
          chequers_serial_rivers_small_a, chequers_serial_rivers_small_3,
          chequers_serial_rivers_marsh, uniq_amaemon
Lair:3:   layout_gridlike, nicolae_swamp_entry_spooky,
          hellmonk_spider_entry_life_and_decay, grunt_megastairs_2
Lair:4:   layout_hall_layers, minmay_slime_entry_jelly_boxes,
          cheibrodos_lair_reptile_den, uniq_kirke
Lair:5:   due_jungle_book, layout_cave_shapes, uniq_snorg
Swamp:1:  nicolae_swamp_ascending_descending_big, layout_basic_swamp,
          nicolae_swamp_well_well_well, infiniplex_staircase_pool_2
Swamp:2:  layout_falls_marsh, evilmike_swamp_ruin_house_3
Swamp:3:  layout_basic_swamp, evilmike_swamp_ruin_house_6
Swamp:4:  swamp_icy, layout_basic_swamp, nicolae_swamp_alligator_family
Spider:1: layout_cave_pods
Spider:2: layout_spider_delve, gammafunk_ghost_split,
          nicolae_spider_twisty_arc_passages, uniq_nikola
Spider:3: layout_spider_delve, portal_ice_cave_entry_pillars_1
Spider:4: spider_rune_water, nicolae_spider_webs_and_nodes,
          nicolae_spider_altar_of_dancing
Slime:1:  layout_caves, nicolae_slime_getting_an_eyeful
Slime:2:  layout_caves, uniq_dissolution
Slime:3:  cheibrodos_slime_lost_civilization_1, layout_caves
Slime:4:  layout_caves, nicolae_slime_rock_hall_of_fame
Orc:1:    layout_diamond_mine
Orc:2:    st_orc_open, layout_caves
Elf:1:    eino_elf_arrival_customs, layout_onion_city, serial_shops, shop,
          minmay_elf_annihilation, minmay_fountain_box, nicolae_elf_w_pinch,
          grunt_ministairs_15, minivault_23
Elf:2:    elven_hall_of_blades_hangedman_original
          [nicolae_blade_entry_area_security], layout_geoelf_octagon,
          serial_shops, nicolae_shop_hallway_stairs, uniq_asterion
Elf:3:    grunt_elf_hall_spiral, layout_rooms, serial_shops,
          nicolae_shop_temple_entry_statues_fountains, corexii_leaking_fountain
Vaults:1: nicolae_vaults_sightless_eye, vaults_standard_mumra_enter_the_diamond,
          vaults_room_boxed, v_alt_pattern_2, nicolae_vaults_three_branches,
          nicolae_vaults_trapezoid_3, nicolae_vaults_diamond_2,
          vaults_room_grunt_arrival_ludios, nicolae_vaults_house_3,
          nicolae_vaults_tetromino_L_2, ontoclasm_vaults_loading_screen,
          nicolae_vaults_tangram_1, layout_vaults_ring, serial_shops,
          nicolae_shop_gibbet_a_chance
Vaults:2: v_misc_11, dpeg_vaults_hating_casters, vaults_room_fours,
          nicolae_vaults_variable_pillar_hall_cross,
          minmay_crypt_entry_nasty_monster, ontoclasm_vaults_ring_large,
          vaults_room_semicircle, layout_vaults_omnigrid
Vaults:3: portal_desolation_entry_nicolae_nacl, vaults_room_stairs_pillars,
          nicolae_vaults_hexular_roomagon, grunt_vaults_hallway_short,
          nicolae_vaults_taking_the_gang_shopping,
          vaults_room_grunt_arrival_checkpoint, nicolae_vaults_know_your_exits,
          layout_vaults_big_room, uniq_margery, uniq_bai_suzhen
Vaults:4: nicolae_vaults_closet_pinwheel_2, vaults_dpeg_encased_lava,
          serial_library_hellmonk_big_corner,
          hangedman_vaults_stretched_pinwheel, nicolae_vaults_weapon_check,
          v_rooms_1, nicolae_vaults_theta, nicolae_vaults_trapezoid_3,
          nicolae_vaults_circle_grid_a, vaults_room_semicircle,
          vaults_room_corners, vaults_mumra_chevron, vaults_room_stairs_pillars,
          nicolae_vaults_house_3, layout_vaults_omnicross
Vaults:5
Depths:1: layout_gridville, kennysheep_nub, grunt_mini_vestibule,
          lightli_giant_bouncers
Depths:2: kennysheep_water_balloons, layout_cave_pools, enter_ziggurat_b,
          abyss_entry, grunt_hell_entry_dis_grunt, rand_demon_pan_entry_3,
          minmay_misc_feat_pillars
Depths:3: minmay_strange_plus, layout_basic, hell_entry, minmay_door_square,
          abyss_entry
Depths:4: evilmike_zot_entry_argh, layout_long_grid,
          hangedman_abyss_or_decor_passed, hell_entry,
          chequers_serial_rivers_micro_c
Zot:1:    layout_misc_corridors, regret_index_zotdec_gossamer_parallel,
          skrybe_zot_glass_3
Zot:2:    layout_cathedral_of_symmetry, regret_index_zotdec_decaying_basic,
          grunt_ministairs_1
Zot:3:    layout_misc_corridors, grunt_ministairs_9, nicolae_rock_paper_scissors
Zot:4:    gammafunk_dig_for_victory, layout_onion_interference
Zot:5:    layout_gridlike

Skill      XL: |  1  2  3  4  5  6  7  8  9 10 11 12 13 14 15 16 17 18 19 20 21 22 23 24 25 26 |
---------------+-------------------------------------------------------------------------------+-----
Axes           | 3 4 5 6 8 9 11 12 14 15 16 17 18 19 20 | 20.2
Fighting       | 4 5 7 9 10 11 13 14 16 17 19 20 21 23 24 25 26 | 26.4
Dodging        | 3 4 5 6 8 9 10 12 14 15 | 15.1
Armour         | 1 2 3 5 6 7 9 10 11 13 14 15 16 17 18 19 20 | 20.1
Evocations     | 4 7 8 9 11 12 13 15 | 15.3
Shields        | 7 11 14 15 | 15.0
Polearms       | 5 8 10 12 13 15 16 | 16.0
Stealth        | |  5.8

Action                     |  1- 3 |  4- 6 |  7- 9 | 10-12 | 13-15 | 16-18 | 19-21 | 22-24 | 25-27 || total
---------------------------+-------+-------+-------+-------+-------+-------+-------+-------+-------++-------
  Melee: Hand axe          |    96 |   218 |   364 |       |       |       |       |       |       ||   678
         Punch             |       |       |     7 |       |       |       |       |     2 |       ||     9
         Battleaxe         |       |       |   161 |   465 |   548 |   696 |   866 |   207 |       ||  2943
         Unarmed           |       |       |       |       |       |    38 |       |       |       ||    38
         Broad axe         |       |       |       |       |       |       |    42 |       |   196 ||   238
         Lance             |       |       |       |       |       |       |    28 |  1233 |   885 ||  2146
 Invoke: Call Merchant     |       |       |       |       |     3 |     1 |     3 |       |       ||     7
         Potion Petition   |       |       |       |       |       |     1 |     1 |     2 |       ||     4
         Bribe Branch      |       |       |       |       |       |       |       |     2 |     1 ||     3
  Evoke: Wand              |       |       |     1 |       |       |       |       |     3 |       ||     4
         Lightning rod     |       |       |       |     9 |     1 |    10 |     7 |     5 |     5 ||    37
         Phantom mirror    |       |       |       |       |     2 |     3 |     2 |     1 |     2 ||    10
         Tin of tremorston |       |       |       |       |       |     5 |     1 |     5 |     2 ||    13
         Phial of floods   |       |       |       |       |       |     2 |     1 |     1 |     2 ||     6
         Box of beasts     |       |       |       |       |       |       |     2 |     1 |     2 ||     5
    Use: Scroll            |     1 |       |     9 |     7 |     9 |    15 |    13 |    14 |     9 ||    77
         Potion            |       |       |     4 |     3 |       |     1 |     2 |     4 |    20 ||    34
   Stab: Sleeping          |     2 |     7 |     9 |       |       |       |       |       |       ||    18
         Distracted        |       |       |     2 |     4 |    20 |    27 |    41 |    24 |     8 ||   126
         Invisible         |       |       |       |       |       |       |       |       |     1 ||     1
 Armour: Leather armour    |    68 |   160 |   271 |       |       |       |       |       |       ||   499
         Chain mail        |       |       |   145 |   493 |    52 |       |       |       |       ||   690
         Plate armour      |       |       |       |       |   337 |   591 |   503 |   556 |   452 ||  2439
         Skin              |       |       |       |       |       |    18 |       |       |       ||    18
  Dodge: Dodged            |    42 |   177 |   421 |   210 |   270 |   365 |   541 |   338 |   213 ||  2577
         Repelled          |       |       |       |       |     2 |    17 |    16 |       |       ||    35
  Block: Kite shield       |       |       |       |       |       |       |    13 |   692 |   566 ||  1271
         Reflection        |       |       |       |       |       |       |       |    24 |    14 ||    38
